 Dungeon Crawl Stone Soup version 0.29.1-2-gbd0b4ee654 (webtiles) character file.

Game seed: 6868732347008085284

4140 Orthodox the Fighter (level 10, -7/70 HPs)
             Began as a Gargoyle Gladiator on Oct 24, 2022.
             Was a Believer of Qazlal.
             Killed from afar by a steam dragon (24 damage)
             ... with a ball of steam
             ... on level 7 of the Dungeon.
             The game lasted 00:27:38 (11089 turns).

Orthodox the Fighter (Gargoyle Gladiator)          Turns: 11089, Time: 00:27:38

Health: -7/70      AC: 18    Str: 26    XL:     10   Next: 27%
Magic:  10/10      EV: 11    Int:  9    God:    Qazlal [**....]
Gold:   422        SH:  2    Dex: 13    Spells: 9/9 levels left

rFire   . . .      SeeInvis .   b - +5 war axe
rCold   . . .      Faith    .   (no shield)
rNeg    + + .      Spirit   .   I - +2 scale mail {rN+}
rPois   ∞          Reflect  .   c - +1 helmet
rElec   +          Harm     .   x - +0 cloak
rCorr   .          Rampage  .   (no gloves)
Will    +....                   (no boots)
Stlth   ..........              (no amulet)
HPRegen 0.21/turn               o - +6 ring of strength
MPRegen 0.12/turn               r - ring of willpower

@: no status effects
A: sickness immunity, AC +7, negative energy resistance 1, electricity
resistance, torment resistance 1, petrification resistance
a: Renounce Religion, Upheaval


You were on level 7 of the Dungeon.
You worshipped Qazlal.
Qazlal was pleased with you.
You visited 2 branches of the dungeon, and saw 9 of its levels.

You collected 422 gold pieces.

Inventory:

Hand Weapons
 b - a +5 war axe (weapon)
Missiles
 e - 7 javelins (quivered)
 u - 6 silver javelins
 K - a throwing net
 M - 2 curare-tipped darts
Armour
 a - a +0 buckler of cold resistance
 c - a +1 helmet (worn)
 w - a +0 ring mail
 x - a +0 cloak (worn)
 B - +0 steam dragon scales
 I - a +2 scale mail of positive energy (worn)
Jewellery
 o - a +6 ring of strength (left hand)
 r - a ring of willpower (right hand)
 y - a ring of fire
 A - a +6 ring of intelligence
 C - a +6 ring of intelligence
Wands
 d - a wand of charming (10)
 D - a wand of light (7)
 J - a wand of flame (24)
Scrolls
 f - 2 scrolls of fog {unknown}
 h - 4 scrolls of teleportation {unknown}
 i - 2 scrolls of enchant armour
 n - a scroll of identify {unknown}
 q - 3 scrolls of enchant weapon {unknown}
 t - 3 scrolls of fear
 v - a scroll of brand weapon {unknown}
 z - a scroll of noise {unknown}
 E - a scroll of immolation {unknown}
 F - a scroll of acquirement {unknown}
 G - a scroll of vulnerability {unknown}
 O - a scroll of poison {unknown}
 P - a scroll of amnesia {unknown}
Potions
 g - a potion of haste
 j - 4 potions of attraction
 k - a potion of brilliance
 l - a potion of magic {unknown}
 m - 2 potions of resistance
 p - 2 potions of curing
 s - a potion of invisibility
 H - a potion of ambrosia {unknown}
 L - a potion of lignification {unknown}
 N - a potion of cancellation {unknown}
 Q - a potion of heal wounds


   Skills:
 + Level 11.4 Fighting
 + Level 9.9 Axes
 - Level 1.7 Throwing
 + Level 0.8 Armour
 - Level 2.4 Dodging
 + Level 0.8 Invocations


You had 9 spell levels left.
You didn't know any spells.
Your spell library contained the following spells:

 Spells                   Type           Power      Damage    Failure   Level
 Sting                    Tmut/Pois      0%         1d3       67%         1
 Ensorcelled Hibernation  Hex/Ice        0%         N/A       82%         2
 Passwall                 Tmut/Erth      0%         N/A       82%         2
 Poisonous Vapours        Pois/Air       0%         N/A       82%         2
 Swiftness                Air            0%         N/A       96%         3
 Hailstorm                Conj/Ice       0%         3d3       100%        4
 Ice Form                 Ice/Tmut       0%         N/A       100%        4
 Olgreb's Toxic Radiance  Pois           0%         N/A       100%        4
 Summon Lightning Spire   Summ/Air       0%         N/A       100%        4
 Simulacrum               Ice/Necr       0%         N/A       100%        6
 Storm Form               Tmut/Air       0%         N/A       100%        7
 Maxwell's Capacitive Co  Air            0%         ∞         100%        8


Dungeon Overview and Level Annotations

Branches:
Dungeon (8/15)             Temple (1/1) D:4
   Lair: D:8-11

Altars:
Ashenzari
Cheibriados
Dithmenos
Fedhas
Gozag
Hepliaklqana
Kikubaaqudgha
Makhleb
Nemelex Xobeh
Okawaru
Qazlal
Sif Muna
Trog
Uskayaw
Vehumet
Wu Jian
Xom
Yredelemnul
Zin
The Shining One

Shops:
D:5 ?

Annotations:
D:3 exclusion: downstairs
D:5 Sigmund
D:7 3 runed translucent doors, Orthodox's ghost, novice GrFi


Innate Abilities, Weirdness & Mutations

You are immune to sickness and miasma.
Your stone body is resilient. (AC +7)
You are immune to poison.
You resist negative energy. (rN+)
You are resistant to electric shocks. (rElec)
You are resistant to unholy torment.
You are immune to petrification.


Message History

You closely miss the orc. You slash the orc!
You kill the orc!
Qazlal accepts your kill. The orc hits you but does no damage.
You hit the orc but do no damage.
The orc is lightly wounded.
The orc hits you but does no damage. The steam dragon breathes steam at you.
The ball of steam hits you!
You hear a shout!
You hit the orc.
The orc is heavily wounded.
The orc hits you with a +0 dagger.
You hit the orc.
You kill the orc!
Qazlal accepts your kill. The steam dragon bites you.
The steam dragon claws you but does no damage.
You barely miss the steam dragon.
A centaur comes into view.
The steam dragon closely misses you. The steam dragon claws you.
The centaur wields a +0 shortbow.
The centaur shoots an arrow.
The arrow completely misses you.
You hit the steam dragon but do no damage.
The centaur shoots an arrow.
The arrow barely misses you. The steam dragon breathes steam at you.
The ball of steam hits you!
There is a stone staircase leading up here.
The steam dragon breathes steam at you. The ball of steam hits you!!
* * * LOW HITPOINT WARNING * * *
You hear a shout! x2
You climb upwards.
Level annotation: 3 runed translucent doors, Orthodox's ghost, novice GrFi
There is a stone staircase leading down here.
You hit the steam dragon.
The steam dragon is lightly wounded.
The steam dragon breathes steam at you. The ball of steam hits you!!
You die...

####### ###### ##.....##
##....# ##D......##
###.....# #@........#
........#### #.........#
####..#....# #.........#
####.##....#####.........#
...>.....................#
###........##...........##
###...#....#####.........#
....############.........#
.....########.......)....#


You could see a steam dragon (catching breath).

Vanquished Creatures
  Prince Ribbit (D:7)
  4 slime creatures (D:7)
  2 yaks (D:6)
  2 steam dragons
  Edmund (D:4)
  A water moccasin (D:7)
  An ice beast (D:5)
  2 black bears
  A sky beast (D:7)
  3 ogres
  3 necrophages
  3 scorpions
  3 wights (D:7)
  6 killer bees (D:7)
  A howler monkey (D:4)
  3 hounds
  5 orc priests
  Crazy Yiuf (D:3)
  2 gnoll boudas
  4 orc wizards
  4 iguanas
  Robin (D:3)
  15 gnolls
  7 adders
  2 white imps
  2 dart slugs
  5 worms
  22 orcs
  5 endoplasms
  4 giant cockroaches
  13 goblins
  7 hobgoblins
  3 quokkas
  10 ball pythons
  5 bats
  8 frilled lizards
  6 kobolds
  6 rats
174 creatures vanquished.

Vanquished Creatures (collateral kills)
  A yak (D:6)
1 creature vanquished.

Vanquished Creatures (others)
  A yak (D:6)
  2 fungi (D:3)
3 creatures vanquished.

Grand Total: 178 creatures vanquished

Notes
Turn   | Place    | Note
-------+----------+-------------------------------------------
     0 | D:1      | Orthodox the Gargoyle Gladiator began the quest for the
                  | Orb.
     0 | D:1      | Reached XP level 1. HP: 12/12 MP: 1/1
   290 | D:1      | Reached XP level 2. HP: 18/18 MP: 2/2
   765 | D:1      | Reached skill level 3 in Fighting
  1019 | D:1      | Reached XP level 3. HP: 23/23 MP: 3/3
  2256 | D:3      | Reached XP level 4. HP: 26/28 MP: 4/4
  2636 | D:3      | Noticed Robin
  2639 | D:3      | Killed Robin
  2800 | D:3      | Found a hide-covered altar of Uskayaw.
  2804 | D:3      | Found a faded altar of an unknown god.
  3152 | D:3      | Found a runed translucent door.
  3153 | D:3      | Noticed Crazy Yiuf
  3198 | D:3      | Reached skill level 4 in Fighting
  3359 | D:3      | Reached XP level 5. HP: 33/33 MP: 5/5
  3751 | D:4      | Reached skill level 5 in Fighting
  3751 | D:4      | Reached XP level 6. HP: 40/40 MP: 6/6
  3753 | D:4      | Noticed Edmund
  3877 | D:3      | Killed Crazy Yiuf
  4247 | D:4      | Found a staircase to the Ecumenical Temple.
  4309 | D:4      | Reached skill level 5 in Axes
  4494 | Temple   | Entered the Ecumenical Temple
  4697 | Temple   | Became a worshipper of Qazlal Stormbringer
  4726 | D:4      | Killed Edmund
  4727 | D:4      | Reached XP level 7. HP: 10/45 MP: 7/7
  5549 | D:4      | Reached skill level 6 in Fighting
  5629 | D:5      | Entered Level 5 of the Dungeon
  5655 | D:5      | Noticed a steam dragon
  5711 | D:5      | Noticed Sigmund
  5989 | D:5      | Killed a steam dragon
  6242 | D:5      | Reached skill level 7 in Fighting
  6242 | D:5      | Reached XP level 8. HP: 9/53 MP: 8/8
  7102 | D:5      | Found Teklijapo's Magic Scroll Emporium.
  7310 | D:5      | Identified the +3 scale mail "Qatotaud" {rC+ Dex+8}
  7426 | D:5      | Found a burning altar of Makhleb.
  7466 | D:5      | Reached skill level 8 in Fighting
  8290 | D:6      | Reached * piety under Qazlal
  8621 | D:6      | Noticed a yak
  8637 | D:6      | Killed a yak
  8638 | D:6      | Reached skill level 9 in Fighting
  8638 | D:6      | Reached XP level 9. HP: 47/60 MP: 9/9
  9466 | D:7      | Noticed Orthodox's ghost (novice GrFi)
  9648 | D:7      | Reached skill level 10 in Fighting
 10219 | D:7      | Found a runed translucent gate.
 10220 | D:7      | Found a runed translucent gate.
 10222 | D:7      | Found a runed translucent gate.
 10289 | D:7      | Reached XP level 10. HP: 39/68 MP: 10/10
 10290 | D:7      | Reached ** piety under Qazlal
 10291 | D:7      | Reached skill level 11 in Fighting
 10817 | D:7      | Found a glowing golden altar of the Shining One.
 10820 | D:7      | Found an ornate altar of the Wu Jian Council.
 10829 | D:7      | Found a bloodstained altar of Trog.
 11000 | D:8      | Noticed Prince Ribbit
 11000 | D:8      | Found an iron altar of Okawaru.
 11007 | D:7      | Killed Prince Ribbit
 11089 | D:7      | Killed from afar by a steam dragon

Illustrated notes

Levels and vault maps discovered:
D:1:      lightli_arrival_boilingwater, layout_loops_corners
D:2:      layout_loops_ring, kennysheep_path_1
D:3:      layout_loops_ring, nicolae_uskayaw_murder_on_the_dancefloor,
          nicolae_ecumenical_snake_handling, nicolae_wormholes, uniq_robin,
          uniq_crazy_yiuf_cottage
D:4:      layout_loops_ring, minmay_temple_entry_sparse_star,
          serial_co_window_serial, co_window_paths_a,
          co_window_of_opportunity_a, co_window_paths_b, co_window_paths_a,
          co_window_corner_a, co_window_paths_b, co_window_paths_a,
          co_window_paths_a, co_window_paths_a, co_window_corner_b,
          co_window_paths_c, co_window_corner_cb, co_window_cross_4,
          glass_columns_a, glass_columns_a, uniq_edmund
D:5:      minmay_bubble_buster, layout_loops_ring, kennysheep_mini,
          serial_shops, shop, kennysheep_minor_cross,
          nicolae_concentric_dashed_squares_mild, ebering_dispersal_statue_hall,
          uniq_sigmund
D:6:      nicolae_BIG_FREAKIN_CUBE, layout_loops_ring, minmay_liquid_box,
          minmay_misc_feat_iff
D:7:      layout_rooms, minitemple, gammafunk_ghost_split
D:8:      lemuel_ratsnest, layout_basic, okawaru_metal_pillars_1_2, st_stairs_2,
          minmay_door_square, minmay_manual_mail, uniq_prince_ribbit1,
          uniq_maggie, uniq_amaemon
Temple:   nicolae_temple_great_sept

Skill      XL: |  1  2  3  4  5  6  7  8  9 10 |
---------------+-------------------------------+-----
Axes           | 3 4 5 6 7 9 |  9.9
Fighting       | 3 4 5 7 9 10 11 | 11.4
Throwing       | |  1.7
Armour         | |  0.8
Dodging        | |  2.4
Invocations    | |  0.8

Action                   |  1- 3 |  4- 6 |  7- 9 | 10-12 || total
-------------------------+-------+-------+-------+-------++-------
Melee: War axe           |   129 |   150 |   324 |    44 ||   647
       Punch             |     2 |     3 |     4 |     1 ||    10
Throw: Throwing net      |       |     3 |       |       ||     3
       Javelin           |       |       |     8 |       ||     8
Evoke: Wand              |       |       |     1 |       ||     1
  Use: Scroll            |       |     2 |       |       ||     2
       Potion            |       |       |     9 |       ||     9
 Stab: Held in net/web   |       |     1 |       |       ||     1
       Invisible         |       |       |     4 |       ||     4
       Sleeping          |       |       |     2 |       ||     2
Armor: Leather armour    |    56 |    35 |       |       ||    91
       Ring mail         |       |    21 |    19 |       ||    40
       Steam dragon scal |       |       |    58 |       ||    58
       Scale mail        |       |       |    83 |    31 ||   114
Dodge: Dodged            |    99 |    81 |   189 |    22 ||   391
Block: Other             |       |       |    10 |     5 ||    15
